[Event "Titled Tuesday Blitz June 27 Late 2023"]
[White "He, Anthony"]
[Black "Vaibhav Jayant Raut"]
[WhiteFideId "2088215"]
[BlackFideId "5089034"]
[WhiteElo "2966"]
[BlackElo "2636"]
[Result "0-1"]
[Round "10"]
[TimeControl "180+2"]
[Date "2023.06.27"]
[WhiteClock "0:01:23"]
[BlackClock "0:00:23"]
[Board "30"]

1. d4 Nf6 2. Nc3 d5 3. Bf4 e6 4. Nb5 Na6 5. e3 c6 6. Nc3 Nc7 7. Nf3 Bd6 8. Ne5 O-O 9. Bd3 Qe7 10. Qf3 Nd7 11. Qh3 g6 12. O-O f6 13. Nf3 e5 14. dxe5 fxe5 15. Bg5 Nf6 16. Qh4 e4 17. Bxe4 dxe4 18. Bxf6 Rxf6 19. Nxe4 Rf8 20. Nfg5 Be5 21. f4 Bxb2 22. Rab1 Bf6 23. Nxf6+ Rxf6 24. e4 Rf8 25. f5 gxf5 26. exf5 Bxf5 27. Rxb7 Qe3+ 28. Kh1 Bd3 29. Re1 Rae8 30. Rbb1 Qxe1+ 31. Rxe1 Rxe1+ 32. Qxe1 Rf1+ 33. Qxf1 Bxf1 34. Ne4 Bc4 35. a4 Bd5 36. Nd6 Kf8 37. Kg1 a6 38. Kf2 Ke7 39. Nb7 Ne6 40. Na5 c5 41. c4 Be4 42. g3 Kd7 43. Ke3 Bc2 44. h4 Kc7 45. Kd2 Bxa4 0-1


[Site "https://www.chess.com"]

[Event "Titled Tuesday Blitz June 27 Late 2023"]
[White "Gubajdullin, Alexei"]
[Black "Mekhitarian, Krikor Sevag"]
[WhiteFideId "4141202"]
[BlackFideId "2107660"]
[WhiteElo "2614"]
[BlackElo "2851"]
[Result "0-1"]
[Round "10"]
[TimeControl "180+2"]
[Date "2023.06.27"]
[WhiteClock "0:00:00"]
[BlackClock "0:00:05"]
[Board "31"]

1. d4 Nf6 2. Nf3 g6 3. Bf4 Bg7 4. e3 O-O 5. Be2 c5 6. O-O d6 7. c3 Nh5 8. dxc5 Nxf4 9. exf4 dxc5 10. Qxd8 Rxd8 11. a4 Nc6 12. a5 e5 13. fxe5 Nxe5 14. Na3 Nd3 15. Rfd1 Bf5 16. Nc4 Nf4 17. Bf1 Be6 18. Nd6 Rab8 19. Nb5 a6 20. Na3 Bg4 21. Nc4 Nh3+ 22. gxh3 Bxf3 23. Rxd8+ Rxd8 24. Bg2 Bxg2 25. Kxg2 Bh6 26. Kf3 Rd5 27. Ke2 Kf8 28. Rd1 Rxd1 29. Kxd1 Bf4 30. Ke2 Bxh2 31. Kf3 Ke7 32. Ke4 Ke6 33. f3 f5+ 34. Kd3 Bc7 35. Ke3 h5 36. Kd3 Kd5 37. Ne3+ Ke5 38. Ng2 Bxa5 39. f4+ Kd5 40. Nh4 Bc7 41. Nxg6 Ke6 42. Ke3 b5 43. Nh4 Bd8 44. Nf3 Bf6 45. Ne1 Kd5 46. Kd3 a5 47. Ng2 c4+ 48. Ke3 b4 49. Kd2 bxc3+ 50. bxc3 Ke4 51. Kc2 Kf3 52. Ne1+ Kxf4 53. Kd2 Kg3 54. Nc2 f4 55. Na3 f3 56. Nxc4 f2 57. Ke2 Bxc3 58. Ne3 a4 59. Nf1+ Kg2 60. Ne3+ Kg1 61. h4 a3 62. Kd3 Bb2 63. Kc2 f1=Q 64. Nxf1 Kxf1 65. Kb3 Kg2 66. Ka2 Kg3 0-1


[Site "https://www.chess.com"]

[Event "Titled Tuesday Blitz June 27 Late 2023"]
[White "Grinev, Valeriy"]
[Black "Tiglon, Bryce"]
[WhiteFideId "14117517"]
[BlackFideId "2087456"]
[WhiteElo "2621"]
[BlackElo "2776"]
[Result "0-1"]
[Round "10"]
[TimeControl "180+2"]
[Date "2023.06.27"]
[WhiteClock "0:01:15"]
[BlackClock "0:00:40"]
[Board "32"]

1. e4 g6 2. d4 Bg7 3. Nc3 d6 4. f4 b6 5. Nf3 Bb7 6. Bc4 e6 7. O-O Ne7 8. Bb3 Nd7 9. Ng5 d5 10. exd5 exd5 11. f5 Nxf5 12. Rxf5 gxf5 13. Qh5 Qf6 14. Bf4 O-O-O 15. Rd1 Nf8 16. Nxf7 Ng6 17. Nxd8 Nxf4 18. Qf3 Bh6 19. Nxb7 Kxb7 20. Nxd5 Nxd5 21. Qxd5+ Kb8 22. c3 Be3+ 23. Kh1 Bf4 24. g3 Bd6 25. Bc4 Qe7 26. Ba6 Qe4+ 27. Qxe4 fxe4 28. Re1 Re8 29. Bd3 e3 30. Bxh7 Rh8 31. Bd3 Bxg3 32. Re2 Bf4 33. Kg1 c5 34. dxc5 bxc5 35. b4 cxb4 36. cxb4 Kc7 37. Bf5 Kd6 38. h3 Ke5 39. Bg4 Ke4 40. Kg2 Rd8 41. b5 Rd4 42. Bf3+ Ke5 43. h4 Rb4 44. Bc6 Bh6 45. Kg3 Kd4 46. h5 Kd3 47. Bf3 Rxb5 48. Kg4 Rg5+ 49. Kh4 Rg1 50. Bg4 Rxg4+ 51. Kxg4 Kxe2 52. Kf5 Kf2 53. Kg6 Bf4 54. h6 Bxh6 55. Kxh6 e2 0-1


[Site "https://www.chess.com"]

[Event "Titled Tuesday Blitz June 27 Late 2023"]
[White "Aradhya, Garg"]
[Black "Fantinel, Thibault"]
[WhiteFideId "25006746"]
[BlackFideId "663395"]
[WhiteElo "2748"]
[BlackElo "2599"]
[Result "1-0"]
[Round "10"]
[TimeControl "180+2"]
[Date "2023.06.27"]
[WhiteClock "0:00:10"]
[BlackClock "0:00:03"]
[Board "33"]

1. d4 Nf6 2. c4 b6 3. Nc3 Bb7 4. d5 e6 5. a3 Bd6 6. Nf3 O-O 7. Bg5 Be7 8. Qd2 h6 9. Bf4 Nh5 10. e3 d6 11. Bg3 Nd7 12. Be2 Nc5 13. Rd1 a5 14. O-O Nxg3 15. hxg3 a4 16. Nd4 e5 17. Nc6 Bxc6 18. dxc6 f5 19. Nd5 Bf6 20. Bd3 e4 21. Bb1 Rf7 22. f3 Be5 23. f4 Bf6 24. Qe2 Qe8 25. g4 fxg4 26. Qxg4 Qxc6 27. Qg6 Raf8 28. Bxe4 Nxe4 29. Qxe4 Qd7 30. Rd2 Re8 31. Qg6 Kh8 32. g4 Qe6 33. g5 hxg5 34. fxg5 Be5 35. Qxf7 Qg4+ 36. Rg2 Qh4 37. Qxe8+ Kh7 38. Qe6 Qh1+ 1-0


[Site "https://www.chess.com"]

[Event "Titled Tuesday Blitz June 27 Late 2023"]
[White "Mahdavi, Reza"]
[Black "Janaszak, Dawid"]
[WhiteFideId "12595926"]
[BlackFideId "1119206"]
[WhiteElo "2744"]
[BlackElo "2586"]
[Result "0-1"]
[Round "10"]
[TimeControl "180+2"]
[Date "2023.06.27"]
[WhiteClock "0:01:13"]
[BlackClock "0:00:27"]
[Board "34"]

1. e4 c5 2. Nf3 Nc6 3. Bb5 e5 4. O-O Nge7 5. c3 g6 6. d4 cxd4 7. cxd4 exd4 8. Bf4 Bg7 9. Bd6 O-O 10. Na3 a6 11. Bc4 b5 12. Bb3 Bb7 13. Nc2 Na5 14. Ncxd4 Nxb3 15. Nxb3 Re8 16. Nc5 Qb6 17. Rc1 Bc6 18. Qd2 Nc8 19. Bg3 d6 20. Bxd6 Rd8 21. e5 Bxf3 22. gxf3 Bxe5 23. Qd5 Nxd6 24. Qxe5 Nc4 25. Qg5 h6 26. Qe7 Re8 27. Qh4 Qxc5 28. b3 Ne5 29. Kg2 Qe7 30. Qxh6 Qf6 31. Qh3 Nd3 0-1


[Site "https://www.chess.com"]

[Event "Titled Tuesday Blitz June 27 Late 2023"]
[White "Makridis, Dimitrios"]
[Black "Bjelobrk, Igor"]
[WhiteFideId "25864475"]
[BlackFideId "4300726"]
[WhiteElo "2740"]
[BlackElo "2583"]
[Result "1-0"]
[Round "10"]
[TimeControl "180+2"]
[Date "2023.06.27"]
[WhiteClock "0:00:06"]
[BlackClock "0:00:00"]
[Board "35"]

1. d4 e6 2. e4 d5 3. Nc3 Bb4 4. e5 b6 5. a3 Bf8 6. Bb5+ Bd7 7. Bd3 c5 8. Nf3 Nc6 9. O-O Qb8 10. Re1 Nge7 11. Bg5 h6 12. Bh4 c4 13. Bf1 Nf5 14. Bg3 b5 15. Ne2 g5 16. c3 a5 17. h4 Be7 18. h5 b4 19. axb4 axb4 20. Nh2 Rxa1 21. Qxa1 Qa7 22. Qb1 Qb6 23. Qc1 bxc3 24. bxc3 Qb3 25. Ng4 Kd8 26. Qa1 Kc7 27. Rb1 Qa3 28. Qxa3 Bxa3 29. Nf6 Rb8 30. Rxb8 Nxb8 31. f4 Nxg3 32. Nxg3 Bc1 33. Ne2 Be3+ 34. Kh2 gxf4 35. Ng4 Nc6 36. Kh3 Ne7 37. g3 Nf5 38. Nxf4 Bxf4 39. gxf4 Ba4 40. Be2 Bc2 41. Nf6 Bd3 42. Bg4 Ne3 43. Ng8 Bf5 44. Nxh6 Nxg4 45. Nxg4 Kd7 46. Kh4 Ke7 47. Nf6 Kf8 48. Kg5 Kg7 49. h6+ Kh8 50. Ne8 Bd3 51. Nd6 Kg8 52. Kf6 Kf8 53. Nxf7 1-0


[Site "https://www.chess.com"]

[Event "Titled Tuesday Blitz June 27 Late 2023"]
[White "Bitoon, Richard"]
[Black "Matinian, Nikita"]
[WhiteFideId "5201110"]
[BlackFideId "24129100"]
[WhiteElo "2583"]
[BlackElo "2720"]
[Result "1-0"]
[Round "10"]
[TimeControl "180+2"]
[Date "2023.06.27"]
[WhiteClock "0:00:22"]
[BlackClock "0:00:04"]
[Board "36"]

1. e4 c5 2. c3 Nf6 3. e5 Nd5 4. d4 cxd4 5. Nf3 Nc6 6. Bc4 Nb6 7. Bb3 d5 8. exd6 Qxd6 9. O-O g6 10. Na3 Bg7 11. Nb5 Qd8 12. Bf4 O-O 13. Bc7 Qd7 14. Bxb6 axb6 15. Nfxd4 e5 16. Nf3 Qe7 17. Qd6 Bg4 18. Qxe7 Nxe7 19. Ng5 Be2 20. Nd6 Bxf1 21. Kxf1 Bf6 22. Bxf7+ Kh8 23. Nge4 Nf5 24. Bd5 Be7 25. Nxf5 gxf5 26. Ng3 Rad8 27. Bxb7 Rd2 28. b4 e4 29. Ke1 Rb2 30. Ne2 Bf6 31. a4 Rxb4 32. cxb4 Bxa1 33. a5 bxa5 34. bxa5 Be5 35. a6 Bb8 36. Nd4 Ba7 37. Nc6 Bc5 38. Ne5 Re8 39. Nd7 Ba7 40. Nf6 Rd8 41. Nd5 Kg7 42. Ne7 Bb6 43. Nxf5+ Kf6 44. Ng3 e3 45. fxe3 Bxe3 46. Ke2 Bb6 47. Kf3 Ke5 48. Kg4 Rg8+ 49. Kh3 Kd6 50. Ne4+ Kc7 51. Nf6 Rg5 52. Nd5+ Rxd5 53. Bxd5 Kd6 54. Be4 Ke6 55. Bxh7 Kf6 56. Bd3 Kg5 57. Kg3 Kf6 58. h4 Ke5 59. Kf3 Kf6 60. g4 Kg7 61. g5 Kh8 62. Kg4 Kg7 63. h5 1-0


[Site "https://www.chess.com"]

[Event "Titled Tuesday Blitz June 27 Late 2023"]
[White "Leenhouts, Koen"]
[Black "Pakleza, Zbigniew"]
[WhiteFideId "1008439"]
[BlackFideId "1119290"]
[WhiteElo "2557"]
[BlackElo "2715"]
[Result "0-1"]
[Round "10"]
[TimeControl "180+2"]
[Date "2023.06.27"]
[WhiteClock "0:00:00"]
[BlackClock "0:00:07"]
[Board "37"]

1. d4 d6 2. Nf3 Bg4 3. e3 Nf6 4. Be2 Nbd7 5. h3 Bh5 6. O-O e5 7. Nbd2 Be7 8. Re1 O-O 9. Nf1 e4 10. N3d2 Bxe2 11. Qxe2 d5 12. Ng3 g6 13. a4 c6 14. b3 Rc8 15. Ba3 c5 16. dxc5 Bxc5 17. Bxc5 Nxc5 18. Red1 Qc7 19. Rab1 Rfd8 20. c4 Qe5 21. cxd5 Nxd5 22. Nc4 Qe6 23. Qb2 Nd3 24. Qa1 f5 25. Rd2 a6 26. Rbd1 b5 27. Nb2 N5b4 28. Nxd3 Rxd3 29. axb5 axb5 30. Qa7 Rxd2 31. Rxd2 Nd3 32. Qb7 Qc6 33. Qe7 Qc1+ 34. Nf1 Qxf1+ 35. Kxf1 Rc1+ 36. Rd1 Rxd1+ 37. Ke2 Rc1 38. Qe8+ Kg7 39. Qxb5 Rc2+ 40. Kf1 Rxf2+ 41. Kg1 Rb2 42. Qd7+ Kh6 43. Qd5 Ne1 44. Kf1 Nd3 45. Qf7 Rb1+ 46. Ke2 Rb2+ 47. Kd1 Rxg2 48. b4 Rb2 49. Qf8+ Kh5 50. Qg7 h6 51. Qe7 Nf2+ 52. Kc1 Nd3+ 53. Kd1 Rxb4 54. Qf6 Rb1+ 55. Kd2 Rg1 56. Kc3 Rg3 57. Kd4 Rxh3 58. Qf7 Rg3 59. Qe8 Rg4 60. Qe7 Ne1 61. Qf7 Nf3+ 62. Kd5 Kh4 63. Qe8 h5 64. Qa4 Kg3 65. Qd1 h4 66. Qe2 h3 67. Qf1 h2 68. Qh1 Rh4 69. Ke6 Kf2 70. Kf6 Rh6 71. Kg7 Rh3 72. Kxg6 Rg3+ 73. Kxf5 Rg1 74. Kxe4 Rxh1 0-1


[Site "https://www.chess.com"]

[Event "Titled Tuesday Blitz June 27 Late 2023"]
[White "Rosen, Eric"]
[Black "Vovk, Orest"]
[WhiteFideId "2032562"]
[BlackFideId "14113490"]
[WhiteElo "2683"]
[BlackElo "2535"]
[Result "1-0"]
[Round "10"]
[TimeControl "180+2"]
[Date "2023.06.27"]
[WhiteClock "0:00:50"]
[BlackClock "0:00:00"]
[Board "38"]

1. d4 h6 2. e4 g5 3. Ne2 Bg7 4. Ng3 c5 5. c3 cxd4 6. cxd4 Qb6 7. Be3 Nc6 8. Nf5 Bf6 9. e5 d5 10. Ng3 Qxb2 11. Nd2 Nxd4 12. Bxd4 Qxd4 13. exf6 Nxf6 14. Bb5+ Bd7 15. Bxd7+ Nxd7 16. O-O h5 17. Qc2 e6 18. Rfe1 Qf6 19. Rab1 b6 20. Qc6 Rd8 21. Qxd5 Kf8 22. Qd6+ Kg7 23. Nde4 1-0


[Site "https://www.chess.com"]

[Event "Titled Tuesday Blitz June 27 Late 2023"]
[White "Alex_Sahakyan2006"]
[Black "Jovic, Stanoje"]
[BlackFideId "905020"]
[WhiteElo "2682"]
[BlackElo "2530"]
[Result "1-0"]
[Round "10"]
[TimeControl "180+2"]
[Date "2023.06.27"]
[WhiteClock "0:00:16"]
[BlackClock "0:00:00"]
[Board "39"]

1. e4 c6 2. d4 d5 3. Nd2 dxe4 4. Nxe4 Nf6 5. Nxf6+ exf6 6. Bd3 Bd6 7. Qh5 g6 8. Qh6 Bf8 9. Qe3+ Be6 10. Ne2 Qe7 11. Nf4 Bh6 12. O-O O-O 13. Nxg6 fxg6 14. Qxh6 Nd7 15. Re1 Rae8 16. b3 Qf7 17. Ba3 c5 18. dxc5 Ne5 19. c6 bxc6 20. Bxf8 Rxf8 21. Qe3 Kg7 22. Rad1 a5 23. Be4 g5 24. Bxc6 Bg4 25. Rd6 Qc7 26. Qc5 Nf7 27. Rd4 Bh5 28. Rd7 Qf4 29. g3 Qg4 30. Qd4 Rc8 31. Rxf7+ Kxf7 32. Bd5+ Kg7 33. Re7+ Kh6 34. Qxf6+ Bg6 35. Qg7+ Kh5 36. Re1 Rxc2 37. Be6 1-0


[Site "https://www.chess.com"]

[Event "Titled Tuesday Blitz June 27 Late 2023"]
[White "Taranenko, Evgueniy"]
[Black "Goryachkina, Aleksandra"]
[WhiteFideId "14122138"]
[BlackFideId "4147103"]
[WhiteElo "2341"]
[BlackElo "2671"]
[Result "0-1"]
[Round "10"]
[TimeControl "180+2"]
[Date "2023.06.27"]
[WhiteClock "0:00:16"]
[BlackClock "0:00:04"]
[Board "40"]

1. e4 c6 2. d4 d5 3. e5 Bf5 4. Nc3 Qc7 5. Bf4 e6 6. g4 Bg6 7. Nge2 h5 8. Bg5 hxg4 9. Nf4 Bf5 10. Be2 Be7 11. Bxe7 Nxe7 12. Bxg4 Nd7 13. Qf3 O-O-O 14. O-O-O Rh4 15. h3 Rdh8 16. Nfe2 Nb6 17. Ng3 g6 18. Bxf5 gxf5 19. b3 Ng6 20. Nge2 Qe7 21. Nb1 Qg5+ 22. Kb2 Qh6 23. Qc3 Rxh3 24. Rxh3 Qxh3 25. Qc5 Qf3 26. Nec3 Rh2 27. Nb5 Nd7 28. Nxa7+ Kd8 29. Qa5+ Ke8 30. Nc8 Qxd1 31. Qb4 c5 32. Qxb7 Rxf2 33. Nd6+ Kf8 34. Qc8+ Kg7 35. Qxd7 Qxc2+ 36. Ka3 Qxa2# 0-1


[Site "https://www.chess.com"]

[Event "Titled Tuesday Blitz June 27 Late 2023"]
[White "Veiga, Jose Francisco R P Neves"]
[Black "Licznerski, Lukasz"]
[WhiteFideId "1930087"]
[BlackFideId "1179250"]
[WhiteElo "2669"]
[BlackElo "2834"]
[Result "0-1"]
[Round "10"]
[TimeControl "180+2"]
[Date "2023.06.27"]
[WhiteClock "0:00:09"]
[BlackClock "0:00:07"]
[Board "41"]

1. c4 Nf6 2. Nc3 e5 3. Nf3 Nc6 4. e4 Bb4 5. d3 a5 6. Be2 d6 7. O-O Bg4 8. Be3 Bc5 9. Ne1 Be6 10. Nc2 O-O 11. d4 exd4 12. Nxd4 Nd7 13. Nd5 Bxd5 14. cxd5 Nxd4 15. Bxd4 Re8 16. f3 f5 17. Bxc5 Nxc5 18. exf5 Qg5 19. Bb5 Re7 20. Re1 Rxe1+ 21. Qxe1 Qxf5 22. Qd2 Qf6 23. Re1 a4 24. Re3 Kf8 25. g3 g6 26. Kg2 Kg8 27. Qe2 Rf8 28. f4 Qd4 29. Kh3 Rf7 30. Be8 Rf8 31. Bb5 Rf7 32. Re8+ Kg7 33. Re7 Qxd5 34. Bc4 Qf5+ 35. Kg2 d5 36. Rxf7+ Kxf7 37. Bb5 Qe4+ 38. Qxe4 dxe4 39. Kf2 Ke6 40. Ke3 Kd5 41. h4 c6 42. Be2 b5 43. g4 Nd7 44. g5 Nb6 45. b3 axb3 46. axb3 Nd7 47. b4 Nb6 48. Bd1 Nc4+ 49. Ke2 Kd4 50. f5 gxf5 51. h5 Ne5 52. g6 Nxg6 53. h6 Nf4+ 54. Kf2 Nd5 55. Kg3 f4+ 56. Kh4 f3 57. Kg5 f2 58. Be2 Ne3 59. Kf6 Ng4+ 60. Kg7 Nxh6 61. Kxh6 Ke3 62. Bf1 Kd2 63. Kg5 e3 64. Bxb5 e2 65. Bxe2 Kxe2 66. b5 cxb5 0-1


[Site "https://www.chess.com"]

[Event "Titled Tuesday Blitz June 27 Late 2023"]
[White "Bolourchifard, Farzad"]
[Black "Womacka, Mathias"]
[WhiteFideId "12510084"]
[BlackFideId "4611390"]
[WhiteElo "2680"]
[BlackElo "2517"]
[Result "1-0"]
[Round "10"]
[TimeControl "180+2"]
[Date "2023.06.27"]
[WhiteClock "0:00:31"]
[BlackClock "0:00:00"]
[Board "42"]

1. d4 Nf6 2. Nf3 e6 3. c4 Bb4+ 4. Bd2 Qe7 5. Nc3 b6 6. e3 Bb7 7. Bd3 O-O 8. Qc2 d6 9. h4 e5 10. dxe5 dxe5 11. Ne4 Nbd7 12. O-O-O Bxd2+ 13. Nfxd2 Nxe4 14. Nxe4 f5 15. Ng5 e4 16. Be2 Ne5 17. Qc3 Rad8 18. Nh3 Nd3+ 19. Bxd3 exd3 20. Nf4 d2+ 21. Rxd2 Rxd2 22. Qxd2 Rd8 23. Qc3 a5 24. h5 Qb4 25. Qxb4 axb4 26. Rd1 Rxd1+ 27. Kxd1 Kf7 28. f3 Kf6 29. Kd2 g5 30. hxg6 hxg6 31. Nd3 c5 32. b3 g5 33. Nb2 Bc6 34. Kd3 Ke5 35. Na4 Bxa4 36. bxa4 g4 37. f4+ Kf6 38. g3 Ke6 39. e4 Kf6 40. e5+ Ke6 41. Kc2 Kd7 42. Kb3 Kc6 43. a3 bxa3 44. Kxa3 Kb7 45. a5 bxa5 46. Kb3 Ka6 47. e6 Kb6 48. e7 1-0


[Site "https://www.chess.com"]

[Event "Titled Tuesday Blitz June 27 Late 2023"]
[White "Palencia Morales, Wilson Guillermo"]
[Black "Fisher_TheGalactic"]
[WhiteFideId "4401859"]
[WhiteElo "2561"]
[BlackElo "2683"]
[Result "1-0"]
[Round "10"]
[TimeControl "180+2"]
[Date "2023.06.27"]
[WhiteClock "0:00:32"]
[BlackClock "0:00:32"]
[Board "43"]

1. d4 d5 2. c4 e6 3. Nf3 Nf6 4. Nc3 Bb4 5. Bg5 c6 6. e3 h6 7. Bxf6 Qxf6 8. Qc2 Nd7 9. a3 Bd6 10. e4 dxe4 11. Nxe4 Qe7 12. Nxd6+ Qxd6 13. O-O-O Qe7 14. Bd3 b5 15. cxb5 cxb5 16. Bxb5 Bb7 17. Ne5 O-O 18. Nxd7 a6 19. Ba4 Rac8 20. Nc5 e5 21. Rhe1 Qg5+ 22. Qd2 Qxg2 23. Bc2 exd4 24. Nxb7 Qxb7 25. Kb1 Rfd8 26. Qd3 g6 27. Bb3 Kg7 28. Ka2 Rc6 29. Qf3 Qc7 30. Qg3 Qb7 31. Qe5+ Rf6 32. Rxd4 Rxd4 33. Qxd4 Qg2 34. Re7 1-0


[Site "https://www.chess.com"]

[Event "Titled Tuesday Blitz June 27 Late 2023"]
[White "Karttunen, Mika"]
[Black "Golubev, Mikhail"]
[WhiteFideId "502081"]
[BlackFideId "14100983"]
[WhiteElo "2635"]
[BlackElo "2553"]
[Result "0-1"]
[Round "10"]
[TimeControl "180+2"]
[Date "2023.06.27"]
[WhiteClock "0:00:08"]
[BlackClock "0:00:35"]
[Board "44"]

1. c4 g6 2. Nc3 Bg7 3. Nf3 d6 4. d4 Nf6 5. e4 O-O 6. h3 e5 7. d5 Nh5 8. Be3 Qe8 9. Qd2 f5 10. exf5 gxf5 11. Bh6 e4 12. O-O-O exf3 13. gxf3 Bxh6 14. Qxh6 Qg6 15. Qd2 Kh8 16. Bd3 Qf6 17. Rhg1 Na6 18. Rg5 Ng7 19. Rdg1 Rf7 20. Ne2 Nc5 21. Bc2 f4 22. Nd4 Bxh3 23. b4 Nd7 24. Ne6 Nxe6 25. dxe6 Bxe6 26. Rh5 Ne5 27. Qc3 Rg8 28. Rgh1 Rgg7 29. c5 Nd7 30. Rxh7+ Rxh7 31. Rxh7+ Rxh7 32. Qxf6+ Nxf6 33. Bxh7 Kxh7 0-1


[Site "https://www.chess.com"]

[Event "Titled Tuesday Blitz June 27 Late 2023"]
[White "Vlassov, Nikolai"]
[Black "Hajiyev, Kanan"]
[WhiteFideId "4103360"]
[BlackFideId "13404148"]
[WhiteElo "2632"]
[BlackElo "2548"]
[Result "1-0"]
[Round "10"]
[TimeControl "180+2"]
[Date "2023.06.27"]
[WhiteClock "0:01:05"]
[BlackClock "0:00:57"]
[Board "45"]

1. e4 c6 2. d4 d5 3. e5 a6 4. c4 Bf5 5. Nc3 e6 6. g4 Bg6 7. Be3 h5 8. f3 hxg4 9. fxg4 Bb4 10. Nf3 Nh6 11. Rg1 Be4 12. Kf2 Bxf3 13. Qxf3 Qh4+ 14. Ke2 dxc4 15. Ne4 Nd7 16. h3 O-O-O 17. Bg5 Nxe5 18. dxe5 Rd2+ 19. Bxd2 Bxd2 20. Kxd2 Rd8+ 21. Nd6+ Kb8 22. Bxc4 Qg5+ 23. Qe3 Qe7 24. Kc2 f6 25. Rad1 f5 26. gxf5 exf5 27. Qg5 Qc7 28. Qxg7 Qa5 29. Qxb7# 1-0


[Site "https://www.chess.com"]

[Event "Titled Tuesday Blitz June 27 Late 2023"]
[White "D`Arruda, Ricardo D."]
[Black "Piesik, Piotr"]
[WhiteFideId "100692"]
[BlackFideId "1136194"]
[WhiteElo "2551"]
[BlackElo "2626"]
[Result "0-1"]
[Round "10"]
[TimeControl "180+2"]
[Date "2023.06.27"]
[WhiteClock "0:00:17"]
[BlackClock "0:00:10"]
[Board "46"]

1. d4 c5 2. d5 e5 3. e4 d6 4. g3 Be7 5. Bg2 Bg5 6. Nf3 Bxc1 7. Qxc1 Ne7 8. Nbd2 O-O 9. O-O h6 10. Ne1 f5 11. f4 Nd7 12. c4 exf4 13. Rxf4 Ne5 14. Qc2 N7g6 15. Rf1 f4 16. Nd3 fxg3 17. Rxf8+ Qxf8 18. hxg3 Bg4 19. Rf1 Qe7 20. Nf4 Rf8 21. Rf2 Nh8 22. Nf1 g5 23. Nd3 Nxd3 24. Qxd3 Rxf2 25. Kxf2 Qf6+ 26. Kg1 Nf7 27. Qb3 b6 28. Qb5 Ne5 29. Qe8+ Kg7 30. b3 Bd7 31. Qa8 Ng4 32. Qxa7 Ne5 33. Qxb6 h5 34. Qa5 h4 35. gxh4 gxh4 36. Qe1 Ng4 37. Qd2 Ne5 38. Qf2 Qg5 39. Qe3 Qg6 40. Kh1 Ng4 41. Qf4 Qf6 42. Qxf6+ Kxf6 43. Bh3 Nf2+ 44. Kg2 Nxh3 45. Ne3 Ke5 46. a4 Kxe4 47. Nf1 Nf4+ 48. Kh2 Nd3 49. a5 Nb4 50. Nd2+ Ke3 51. Nb1 Kd3 52. Na3 Kc3 53. Nb5+ Kxb3 54. Nxd6 Na6 55. Kg2 Kb4 56. Nf7 Kxa5 57. Ne5 Nb8 58. d6 Kb6 59. Nxd7+ Nxd7 60. Kh3 Kc6 61. Kxh4 Kxd6 62. Kg5 Nb6 0-1


[Site "https://www.chess.com"]

[Event "Titled Tuesday Blitz June 27 Late 2023"]
[White "Pert, Richard G"]
[Black "Kavutskiy, Konstantin"]
[WhiteFideId "404748"]
[BlackFideId "2026384"]
[WhiteElo "2543"]
[BlackElo "2626"]
[Result "1-0"]
[Round "10"]
[TimeControl "180+2"]
[Date "2023.06.27"]
[WhiteClock "0:00:32"]
[BlackClock "0:00:06"]
[Board "47"]

1. d4 Nf6 2. Nc3 d5 3. e4 dxe4 4. f3 exf3 5. Nxf3 g6 6. Bg5 Bg7 7. Qd2 h6 8. Bf4 c5 9. d5 Bg4 10. O-O-O Bxf3 11. gxf3 Nbd7 12. Bc4 Nh5 13. Be3 a6 14. d6 e6 15. Rhg1 b5 16. Bxe6 fxe6 17. Rxg6 Ndf6 18. Bxc5 Kf7 19. Rdg1 Rc8 20. Bd4 Rg8 21. Ne4 Nxe4 22. fxe4 Qxd6 23. Qf2+ Nf4 24. Rxg7+ Rxg7 25. Rxg7+ Kf8 26. Rh7 e5 27. Rh8+ Kg7 28. Rxc8 exd4 29. Qg3+ Kf6 30. Qh4+ Kg7 31. Qd8 Ne2+ 32. Kd1 Qxh2 33. Qg8+ Kf6 34. Rf8+ Ke5 35. Qd5# 1-0


[Site "https://www.chess.com"]

[Event "Titled Tuesday Blitz June 27 Late 2023"]
[White "Martinez Reyes, Pedro Ramon"]
[Black "HamedWafa4"]
[WhiteFideId "3901807"]
[WhiteElo "2542"]
[BlackElo "2620"]
[Result "1-0"]
[Round "10"]
[TimeControl "180+2"]
[Date "2023.06.27"]
[WhiteClock "0:01:45"]
[BlackClock "0:00:00"]
[Board "48"]

1. e4 e5 2. Nf3 Nc6 3. Nc3 Nf6 4. Be2 d5 5. exd5 Nxd5 6. O-O Nxc3 7. bxc3 Bd6 8. d4 O-O 9. Bd3 h6 10. Re1 Qf6 11. Be4 exd4 12. cxd4 Bd7 13. Bb2 Ne7 14. c4 c6 15. Qb3 Rab8 16. c5 Bf4 17. g3 Bg5 18. h4 Be6 19. Qc2 Nd5 20. hxg5 hxg5 21. Kg2 g4 22. Ne5 g6 23. Rh1 Kg7 24. Rh4 Rh8 25. Rah1 Rxh4 26. Rxh4 Rh8 27. Rxh8 Kxh8 28. Qd2 Kg7 29. Bc1 Kg8 30. Qh6 Bf5 31. Bxd5 cxd5 32. Be3 Be4+ 33. Kh2 Qa6 34. Nxg4 1-0


[Site "https://www.chess.com"]

[Event "Titled Tuesday Blitz June 27 Late 2023"]
[White "Moral Garcia, Serafin"]
[Black "Chor, Kevin"]
[WhiteFideId "2201925"]
[BlackFideId "2090740"]
[WhiteElo "2608"]
[BlackElo "2541"]
[Result "1-0"]
[Round "10"]
[TimeControl "180+2"]
[Date "2023.06.27"]
[WhiteClock "0:00:15"]
[BlackClock "0:00:03"]
[Board "49"]

1. e4 c5 2. Nf3 Nc6 3. Bb5 Qb6 4. Nc3 e6 5. Bxc6 Qxc6 6. d4 cxd4 7. Nxd4 Qc7 8. O-O a6 9. Bg5 Bb4 10. Qd3 Nf6 11. a3 Be7 12. Rfe1 d6 13. Rad1 O-O 14. Nf3 Rd8 15. Qe3 b5 16. h3 Bb7 17. Qf4 h6 18. Bh4 e5 19. Qe3 Rac8 20. Re2 d5 21. Bxf6 d4 22. Bxe5 dxe3 23. Bxc7 Rxd1+ 24. Nxd1 exf2+ 25. Kxf2 Rxc7 26. c3 Bc5+ 27. Kf1 Re7 28. e5 Rd7 29. Ke1 Kf8 30. Nf2 Bxf3 31. gxf3 Ke7 32. Ne4 Ba7 33. f4 Bb8 34. Rd2 Rxd2 35. Kxd2 Ba7 36. Ke2 Ke6 37. Kf3 f6 38. exf6 gxf6 39. b3 a5 40. c4 a4 41. bxa4 bxc4 42. Nc3 Bc5 43. Nb5 Kf5 44. a5 h5 45. a4 Ke6 46. a6 Kd5 47. Ke2 Kc6 48. Kd2 Kb6 49. a7 Kb7 50. f5 Bxa7 51. Nxa7 Kxa7 52. Kc3 Kb6 53. Kxc4 Kc6 54. a5 1-0


[Site "https://www.chess.com"]

[Event "Titled Tuesday Blitz June 27 Late 2023"]
[White "Zeynalli, Rashad"]
[Black "Liu, Casper"]
[WhiteFideId "13403320"]
[BlackFideId "1454153"]
[WhiteElo "2602"]
[BlackElo "2536"]
[Result "1/2-1/2"]
[Round "10"]
[TimeControl "180+2"]
[Date "2023.06.27"]
[WhiteClock "0:00:31"]
[BlackClock "0:01:40"]
[Board "50"]

1. e4 c5 2. Nf3 d6 3. Bb5+ Nc6 4. O-O g6 5. Re1 Bg7 6. c3 Nf6 7. d4 cxd4 8. cxd4 O-O 9. Nc3 Bg4 10. Be3 Rc8 11. h3 Bxf3 12. Qxf3 a6 13. Bf1 Qa5 14. Rad1 Nd7 15. a3 Nb6 16. Qe2 d5 17. e5 Nc4 18. Nxd5 Qxd5 19. Qxc4 Qxc4 20. Bxc4 Nxe5 21. Bxa6 bxa6 22. dxe5 Bxe5 23. Bh6 Bg7 24. Bxg7 Kxg7 25. Rxe7 Rc2 26. Rb7 Re8 27. Ra7 Ree2 28. Rf1 Re6 29. Rb7 Ree2 30. Rb6 Rxb2 31. Rxa6 Ra2 32. g3 Reb2 33. Kg2 h5 34. h4 Rb3 35. a4 Rb4 36. a5 Rb5 37. Re1 Rbxa5 38. Rxa5 Rxa5 39. Re3 Ra2 40. Rf3 1/2-1/2


[Site "https://www.chess.com"]

[Event "Titled Tuesday Blitz June 27 Late 2023"]
[White "ArchibaldCerveza29"]
[Black "MKlose11"]
[WhiteElo "2527"]
[BlackElo "2591"]
[Result "0-1"]
[Round "10"]
[TimeControl "180+2"]
[Date "2023.06.27"]
[WhiteClock "0:00:00"]
[BlackClock "0:00:35"]
[Board "51"]

1. e4 e6 2. d4 d5 3. Nd2 Be7 4. Bd3 c5 5. c3 Nc6 6. Ngf3 Nf6 7. O-O cxd4 8. cxd4 dxe4 9. Nxe4 O-O 10. Nc3 g6 11. Re1 Nb4 12. Bc4 Nbd5 13. a3 b6 14. Bh6 Re8 15. Ne5 Bb7 16. Bb5 Nxc3 17. bxc3 Qd5 18. Bf1 Bf8 19. Bg5 Ne4 20. c4 Qa5 21. Be3 Rad8 22. Qc2 Bg7 23. f3 Qc3 24. Qxc3 Nxc3 25. Rec1 Na4 26. c5 bxc5 27. Bb5 cxd4 28. Bf4 Nc3 29. Rxc3 dxc3 30. Bxe8 Rxe8 31. Rc1 Rc8 32. Kf2 Bd5 33. Nd3 a5 34. Be3 c2 35. Nc5 Bb2 36. Rxc2 Bxa3 37. Ke2 Bb4 38. Kd3 h5 39. Kd4 a4 40. Rc1 a3 41. Bf4 a2 42. Bd6 Ba3 43. Ra1 Bb2+ 0-1


[Site "https://www.chess.com"]